 Dungeon Crawl Stone Soup version 0.22-a0-553-g9358b0b (webtiles) character file.

335 pk666 the Magician (level 6, 0/32 HPs)
             Began as a Deep Elf Wizard on June 25, 2018.
             Slain by a ball python (1 damage)
             ... on level 4 of the Dungeon.
             The game lasted 00:06:14 (3220 turns).

pk666 the Magician (Deep Elf Wizard)                Turns: 3220, Time: 00:06:14

Health: 0/32       AC:  3    Str:  4    XL:     6   Next: 28%
Magic:  6/18       EV: 10    Int: 25    God:
Gold:   157        SH:  0    Dex: 13    Spells: 10/19 levels left

rFire    . . .     SeeInvis .   e - +0 dagger
rCold    + . .     Gourm    .   (no shield)
rNeg     . . .     Faith    .   a - +0 robe
rPois    .         Spirit   .   b - +0 hat
rElec    .         Reflect  .   (no cloak)
rCorr    .         Harm     .   (no gloves)
MR       .....                  o - +0 pair of boots
Stlth    ++........             (no amulet)
HPRegen  0.10/turn              g - ring of protection from cold
MPRegen  0.16/turn              (no ring)

@: constricted
A: no striking features
a: no special abilities


You were on level 4 of the Dungeon.
You were hungry.

You visited 2 branches of the dungeon, and saw 5 of its levels.

You collected 157 gold pieces.

Inventory:

Hand Weapons
 e - a +0 dagger (weapon)
Armour
 a - a +0 robe (worn)
 b - a +0 hat (worn)
 o - a +0 pair of boots (worn)
Jewellery
 g - a ring of protection from cold (left hand)
Scrolls
 i - a scroll of remove curse {unknown}
 k - a scroll of enchant armour {unknown}
 m - 4 scrolls of identify {unknown}
 n - 2 scrolls of enchant weapon {unknown}
 q - a scroll of magic mapping {unknown}
 r - 4 scrolls of teleportation {unknown}
Potions
 c - a potion of cancellation {unknown}
 f - 2 potions of heal wounds {unknown}
 h - 3 potions of flight {unknown}
 j - 2 potions of curing {unknown}
 l - a potion of lignification {unknown}
 p - 2 potions of mutation {unknown}
 s - a potion of agility {unknown}
Comestibles
 d - 6 rations


   Skills:
 - Level 2.4 Dodging
 - Level 2.4 Stealth
 + Level 7.0 Spellcasting
 + Level 4.6 Conjurations
   Level 1.1 Summonings
 - Level 1.1 Translocations
 + Level 2.5 Fire Magic


You had 10 spell levels left.
You knew the following spells:

 Your Spells              Type           Power        Failure   Level  Hunger
a - Magic Dart            Conj           ####         1%          1    None
b - Blink                 Tloc           N/A          6%          2    None
c - Conjure Flame         Conj/Fire      ####....     4%          3    None
d - Mephitic Cloud        Conj/Pois/Air  ###.....     11%         3    None

Your spell library contained the following spells:

 Spells                   Type           Power        Failure   Level  Hunger
 Slow                     Hex            #.......     10%         2    None
 Call Imp                 Summ           ##......     6%          2    None


Dungeon Overview and Level Annotations

Branches:
Dungeon (4/15)             Temple (1/1) D:4

Altars:
Ashenzari
Cheibriados
Dithmenos
Elyvilon
Fedhas
Gozag
Kikubaaqudgha
Nemelex Xobeh
Okawaru
Qazlal
Ru
Uskayaw
Xom
Yredelemnul
Zin


Message History

* * * LOW HITPOINT WARNING * * *
The ball python grabs you.
* * * LOW HITPOINT WARNING * * *
The ball python constricts you.
You're too confused to cast spells.
You escape the ball python's grasp.
The orc barely misses itself.
You see here a hand axe.
There is a stone staircase leading down here.
You bump into the rock wall.
The ball python misses you. The ball python barely misses you.
The ball python barely misses you. x2
You see here a hand axe.
You bump into the rock wall.
You feel less confused. The ball python misses you. The ball python grabs you.
The ball python constricts you. The ball python closely misses you.
The ball python constricts you.
The ball python's grasp on you weakens, but your attempt to escape fails.
The ball python closely misses you.
You die...

...# ...# ...# ...#
...# ...# ...#
...################
.............o..@>#
......##.########S#
..[...##.# #.#
#...o(##.# #.#
#...)........ ..#
#............ ..#
#............ ...#
#(........... ...#
......##.#### ###.#


You could see an orc (confused) and a ball python.

Vanquished Creatures
  A bullfrog (D:4)
  A howler monkey (D:4)
  2 orc wizards
  A worker ant (D:4)
  2 gnolls (D:3)
  7 adders
  2 leopard geckos
  5 orcs
  13 giant cockroaches
  9 hobgoblins
  3 jackals (D:3)
  2 quokkas
  7 bats
  A frilled lizard (D:1)
  6 goblins
  A kobold (D:1)
  6 rats
69 creatures vanquished.

Notes
Turn   | Place    | Note
-------+----------+-------------------------------------------
     0 | D:1      | pk666 the Deep Elf Wizard began the quest for the Orb.
     0 | D:1      | Reached XP level 1. HP: 10/10 MP: 7/7
   213 | D:1      | Reached XP level 2. HP: 15/15 MP: 3/9
   622 | D:2      | Reached skill level 5 in Spellcasting
   650 | D:2      | Reached XP level 3. HP: 19/19 MP: 2/11
  1403 | D:2      | Reached XP level 4. HP: 24/24 MP: 8/13
  1891 | D:3      | Reached skill level 6 in Spellcasting
  2005 | D:3      | Learned a level 2 spell: Blink
  2009 | D:3      | Learned a level 3 spell: Conjure Flame
  2013 | D:3      | Learned a level 3 spell: Mephitic Cloud
  2041 | D:3      | Reached XP level 5. HP: 19/28 MP: 8/15
  2043 | D:3      | Reached skill level 1 in Fire Magic
  2405 | D:3      | Found a sparkling altar of Nemelex Xobeh.
  2569 | D:4      | Found a staircase to the Ecumenical Temple.
  2590 | Temple   | Entered the Ecumenical Temple
  2926 | D:4      | Reached XP level 6. HP: 32/32 MP: 9/17
  3188 | D:4      | Reached skill level 7 in Spellcasting
  3214 | D:4      | HP: 1/32 [ball python (1)]
  3220 | D:4      | Slain by a ball python

Vault maps used:
D:1:      scummos_arrival_simple_fountains, minmay_misc_feat_tower
D:2:      minmay_roachtagon
D:3:      lemuel_doored_altar, first_ration
D:4:      minmay_temple_entry_statues_pillars, lemuel_old_faithful
Temple:   dpeg_chambers_temple

Skill      XL: |  1  2  3  4  5  6 |
---------------+-------------------+-----
Conjurations   | 2 3 4 |  4.6
Spellcasting   | 5 6 7 |  7.0
Fire Magic     | 2 |  2.5
Dodging        | |  2.4
Stealth        | |  2.4
Summonings     | |  1.1
Translocations | |  1.1

Action                   |  1- 3 |  4- 6 || total
-------------------------+-------+-------++-------
Melee: Dagger            |       |     1 ||     1
 Cast: Magic Dart        |    79 |    97 ||   176
       Mephitic Cloud    |       |     1 ||     1
  Eat: Chunk             |     1 |     5 ||     6
Armor: Robe              |     4 |     1 ||     5
Dodge: Dodged            |    10 |    22 ||    32

Table legend:
 A = Spawn XP
 B = Non-spawn XP
 C = Spawn XP percentage of total XP
 D = Spawn monster count
 E = Non-spawn monster count
 F = Spawn count percentage of total count
 G = Total turns spent on level
                    A         B        C        D         E        F      G
               +---------+---------+-------+---------+---------+-------+---------
         Total |       0 |     479 |   0.0 |       0 |      69 |   0.0 |  3220
               +---------+---------+-------+---------+---------+-------+---------
           D:1 |       0 |      18 |   0.0 |       0 |      13 |   0.0 |   559
           D:2 |       0 |      91 |   0.0 |       0 |      24 |   0.0 |  1197
           D:3 |       0 |     131 |   0.0 |       0 |      22 |   0.0 |   813
           D:4 |       0 |     239 |   0.0 |       0 |      10 |   0.0 |   439
               +---------+---------+-------+---------+---------+-------+---------
